 Dungeon Crawl Stone Soup version 0.28.0-49-g6dfe1f597d (webtiles) character file.

Game seed: 6922286035682209937

88 bnorton916 the Magician (level 4, -3/24 HPs)
             Began as a Deep Elf Fire Elementalist on May 15, 2022.
             Slain by a white imp (4 damage)
             ... summoned by Natasha
             ... on level 3 of the Dungeon.
             The game lasted 00:03:33 (3004 turns).

bnorton916 the Magician (DEFE)                      Turns: 3004, Time: 00:03:34

Health: -3/24      AC:  2    Str:  7    XL:     4   Next: 30%
Magic:  5/12       EV: 12    Int: 22    God:
Gold:   39         SH:  0    Dex: 15    Spells: 1/11 levels left

rFire   . . .      SeeInvis .   (no weapon)
rCold   . . .      Faith    .   (no shield)
rNeg    + . .      Spirit   .   i - +0 robe of Zotised {rN+ Regen+ Str+2}
rPois   .          Reflect  .   (no helmet)
rElec   .          Harm     .   (no cloak)
rCorr   .          Rampage  .   (no gloves)
Will    .....                   (no boots)
Stlth   ++........              (no amulet)
HPRegen 0.88/turn               (no ring)
MPRegen 0.13/turn               (no ring)

@: no status effects
A: no striking features
a: no special abilities


You were on level 3 of the Dungeon.
You visited 1 branch of the dungeon, and saw 3 of its levels.

You collected 39 gold pieces.

Inventory:

Armour
 i - the +0 robe of Zotised (worn) {rN+ Regen+ Str+2}
   (You found it on level 2 of the Dungeon)

   Str:       It affects your strength (+2).
   rN:        It protects you from negative energy.
   Regen:     It increases your rate of health regeneration.
Jewellery
 k - an amulet of faith
Scrolls
 a - a scroll of magic mapping {unknown}
 c - 2 scrolls of teleportation {unknown}
 d - 5 scrolls of identify {unknown}
 f - a scroll of fear {unknown}
 g - a scroll of holy word {unknown}
 j - a scroll of enchant weapon {unknown}
Potions
 b - 2 potions of curing {unknown}
 e - 2 potions of heal wounds {unknown}
 h - a potion of magic {unknown}


   Skills:
 - Level 2.4 Dodging
 - Level 2.4 Stealth
 - Level 4.2 Spellcasting
 + Level 2.8 Conjurations
 + Level 4.2 Fire Magic


You had one spell level left.
You knew the following spells:

 Your Spells              Type           Power      Damage    Failure   Level
a - Foxfire               Conj/Fire      80%        2x1d8     2%          1
b - Scorch                Fire           46%        2d7       2%          2
c - Conjure Flame         Conj/Fire      20%        6-21      8%          3
d - Flame Wave            Conj/Fire      20%        2d7       26%         4

Your spell library contained the following spells:

 Spells                   Type           Power      Damage    Failure   Level
 Shock                    Conj/Air       40%        1d5       6%          1
 Inner Flame              Hex/Fire       14%        N/A       14%         3
 Swiftness                Air            4%         N/A       32%         3
 Airstrike                Air            2%         N/A       73%         4


Dungeon Overview and Level Annotations

Branches:
Dungeon (3/15)

Altars:
Ashenzari

Annotations:
D:3 Natasha


Message History

The hound skeleton is almost destroyed.
The hound skeleton barely misses you.
Casting: Foxfire (safe; 2% risk of failure)
Confirm with . or Enter, or press ? or * to list all spells.
Flames lash Natasha.
Natasha is lightly wounded.
Natasha's fire resistance burns away.
Natasha barely misses you. The hound skeleton barely misses you.
Unknown command.
Casting: Scorch (safe; 2% risk of failure)
Confirm with . or Enter, or press ? or * to list all spells.
Flames lash the white imp.
The white imp is burned terribly!
The white imp is almost dead.
The white imp's fire resistance burns away.
The hound skeleton bites you. Natasha casts a spell at you.
The magic dart hits you!
Natasha is no longer more vulnerable to fire.
Natasha mumbles some strange words.
You feel troubled. Natasha barely misses you.
Casting: Scorch (safe; 2% risk of failure)
Confirm with . or Enter, or press ? or * to list all spells.
You conjure some foxfire!
Natasha mumbles some strange words.
You feel troubled. Natasha claws you. The white imp gestures at you.
The puff of frost hits you!
* * * LOW HITPOINT WARNING * * *
The foxfire hits Natasha.
Natasha is moderately wounded.
The foxfire hits Natasha.
Natasha is heavily wounded.
Natasha claws you.
* * * LOW HITPOINT WARNING * * *
The white imp hits you.
* * * LOW HITPOINT WARNING * * *
The white imp freezes you.
You die...

##.....................##........
##.##.#######.##...##..####......
...##.# #÷......#..####....##
......# #.##....#..........#
...#### #.##....#..#####...# ##.#
#.##.......# #...## ##.#
#......#.### #.^... .#.#
####.§###.######...## ...# ##h@.#
##........... .#.#
......5#.###.........(.. ...#
..:###....#............. .### .
#####..#######..... .####
####.#### #<..## ....## #.......#
#.#.## .#.#.## #.##.##.# #.....
..###.# ####....##.# #...## .##
### #....#####.# #.....


You could see Natasha and a white imp (summoned, combustible).

Vanquished Creatures
  2 adders (D:2)
  2 worms (D:2)
  2 dart slugs (D:1)
  An orc (D:3)
  5 ball pythons
  5 bats
  6 endoplasms
  5 giant cockroaches
  5 goblins
  10 hobgoblins
  A quokka (D:3)
  2 frilled lizards
  3 kobolds (D:1)
  4 rats
53 creatures vanquished.

Vanquished Creatures (others)
  162 foxfires
162 creatures vanquished.

Grand Total: 215 creatures vanquished

Notes
Turn   | Place    | Note
-------+----------+-------------------------------------------
     0 | D:1      | bnorton916 the Deep Elf Fire Elementalist began the quest
                  | for the Orb.
     0 | D:1      | Reached XP level 1. HP: 10/10 MP: 6/6
   209 | D:1      | Reached XP level 2. HP: 15/15 MP: 6/8
   848 | D:1      | Found a faded altar of an unknown god.
  1117 | D:1      | Reached XP level 3. HP: 14/19 MP: 6/10
  1791 | D:2      | Learned a level 2 spell: Scorch
  1795 | D:2      | Learned a level 3 spell: Conjure Flame
  1839 | D:2      | Identified the +0 robe of Zotised {rN+ Regen+ Str+2}
  2209 | D:2      | Reached XP level 4. HP: 18/24 MP: 8/12
  2421 | D:3      | Found a broken altar of Ashenzari.
  2444 | D:3      | Learned a level 4 spell: Flame Wave
  2992 | D:3      | Noticed Natasha
  3004 | D:3      | HP: 1/24 [white imp[Natasha] (4)]
  3004 | D:3      | Slain by a white imp

Illustrated notes

Levels and vault maps discovered:
D:1:      minmay_arrival_stair_chambers, layout_basic,
          shapermc_ecumenical_altar_flowoftime, minmay_crystal_water
D:2:      layout_rooms
D:3:      layout_loops_cross, grunt_temple_overflow_diamond,
          lemuel_crystal_altar, nicolae_overflow_hidden_temple, uniq_natasha

Skill      XL: |  1  2  3 |
---------------+----------+-----
Conjurations   | 2 |  2.8
Fire Magic     | 4 |  4.2
Spellcasting   | 4 |  4.2
Dodging        | |  2.4
Stealth        | |  2.4

Action                   |  1- 3 |  4- 6 || total
-------------------------+-------+-------++-------
Melee: Unarmed           |       |     2 ||     2
 Cast: Foxfire           |    73 |    27 ||   100
       Scorch            |       |     2 ||     2
Armor: Robe              |     1 |     1 ||     2
Dodge: Dodged            |     7 |    12 ||    19
